 Dungeon Crawl Stone Soup version 0.30-a0-1018-g25214051b3 (webtiles) character file.

Game seed: 8876548587343061217

186 cheesebisquit the Grave Robber (level 5, -3/42 HPs)
             Began as a Ghoul Necromancer on Apr 7, 2023.
             Slain by an ogre
             ... wielding a +0 giant club
              (32 damage)
             ... on level 3 of the Dungeon.
             The game lasted 00:22:26 (4153 turns).

cheesebisquit the Grave Robber (Ghoul Necromancer)  Turns: 4153, Time: 00:22:26

Health: -3/42      AC:  5    Str: 12    XL:     5   Next: 65%
Magic:  2/8        EV: 17    Int: 12    God:
Gold:   86         SH:  0    Dex:  9    Spells: 5/9 levels left

rFire   . . .      SeeInvis .    d - +2 mace (protect)
rCold   + . .      Faith    .    (no shield)
rNeg    + + +      Spirit   .    a - +0 robe
rPois   ∞          Reflect  .    w - +1 helmet
rElec   .          Rampage  .    k - +0 cloak
rCorr   +                        (no gloves)
Will    .....                    (no boots)
Stlth   ++                       (no amulet)
HPRegen 0.00/turn                f - +5 ring of evasion
MPRegen 0.11/turn                n - ring of resist corrosion

@: inhibited regen
A: claws 1, cold resistance 1, negative energy resistance 3, inhibited
regeneration, torment resistance 2, devour on kill
a: no special abilities


You were on level 3 of the Dungeon.
You visited 1 branch of the dungeon, and saw 4 of its levels.

You collected 236 gold pieces.
You spent 150 gold pieces at shops.

Inventory:

Hand Weapons
 d - a +2 mace of protection (weapon)
 m - a +0 mace
 r - a +2 dagger of protection
Armour
 a - a +0 robe (worn)
 i - the +0 leather armour of Pragmatism {rN+ Regen+ Dex-2}
   (You found it on level 2 of the Dungeon)

   Dex:       It affects your dexterity (-2).
   rN:        It protects you from negative energy.
   Regen:     It increases your rate of health regeneration.
 k - a +0 cloak (worn)
 p - a +2 tower shield
 w - a +1 helmet (worn)
Jewellery
 f - a +5 ring of evasion (left claw)
 n - a ring of resist corrosion (right claw)
Scrolls
 e - a scroll of immolation {unknown}
 l - a scroll of magic mapping
 q - a scroll of fear {unknown}
 u - a scroll of butterflies {unknown}
 x - a scroll of poison {unknown}
Potions
 b - a potion of heal wounds
 g - a potion of attraction {unknown}
 h - 2 potions of cancellation
 j - a potion of flight {unknown}
 o - a potion of brilliance {unknown}
 s - 2 potions of curing
 t - a potion of lignification {unknown}
 v - a potion of haste {unknown}


   Skills:
 + Level 2.5 Fighting
 - Level 1.7 Dodging
 - Level 2.1 Stealth
 + Level 2.6 Unarmed Combat
 + Level 2.8 Spellcasting
 + Level 4.7 Necromancy


You had 5 spell levels left.
You knew the following spells:

 Your Spells              Type           Power      Damage    Failure   Level
a - Necrotise             Necr           52%        1d6       3%          1
b - Vampiric Draining     Necr           13%        2d6       11%         3

Your spell library contained the following spells:

 Spells                   Type           Power      Damage    Failure   Level
 Animate Dead             Necr           13%        N/A       34%         4
 Agony                    Necr           13%        N/A       67%         5


Dungeon Overview and Level Annotations

Branches:
Dungeon (4/15)
 Temple: D:4-7

Altars:
Ashenzari
Gozag
Sif Muna
Uskayaw

Shops:
D:3 =[![*


Innate Abilities, Weirdness & Mutations

You are immune to poison.
You have sharp fingernails.
Your flesh is cold resistant. (rC+)
You are immune to negative energy. (rN+++)
You do not regenerate when monsters are visible.
You are immune to unholy pain and torment.
You thrive by killing the living.


Message History

The ogre shouts!
The ogre misses you.
There is a stone staircase leading up here.
The ogre misses you.
You climb upwards.
There is a stone staircase leading down here.
The ogre writhes in agony.
The ogre completely misses you.
The ogre writhes in agony.
The ogre writhes in agony.
The ogre hits you with a +0 giant club!!
Ouch! That really hurt!
You are too injured to fight recklessly!
Okay, then.
As you read the scroll labelled YROTIO JISMIKY, it crumbles to dust.
It is a scroll of identify.
b - 2 potions of heal wounds The ogre completely misses you.
Okay, then.
You feel much better.
Aiming: Necrotise (safe; 3% risk of failure)
Press: ? - help, Q - select action, (/) - cycle Shift-Dir - straight line, f/p - ogre
Aim: an ogre, wielding a +0 giant club (moderately wounded, chance to affect: 69%)
The ogre writhes in agony.
The ogre hits you with a +0 giant club!
Aiming: Necrotise (safe; 3% risk of failure)
Press: ? - help, Q - select action, (/) - cycle Shift-Dir - straight line, f/p - ogre
Aim: an ogre, wielding a +0 giant club (heavily wounded, chance to affect: 69%)
The ogre writhes in agony.
The ogre barely misses you.
Aiming: Necrotise (safe; 3% risk of failure)
Press: ? - help, Q - select action, (/) - cycle Shift-Dir - straight line, f/p - ogre
Aim: an ogre, wielding a +0 giant club (severely wounded, chance to affect: 69%)
The ogre writhes in agony.
Aiming: Necrotise (safe; 3% risk of failure)
Press: ? - help, Q - select action, (/) - cycle Shift-Dir - straight line, f/p - ogre
Aim: an ogre, wielding a +0 giant club (severely wounded, chance to affect: 69%)
The ogre writhes in agony.
The ogre hits you with a +0 giant club!!
Ouch! That really hurt!
You die...

........#..8# #.# #
..###.################
#.# # ### #.#
#.........# #.# # #.#
#########.# #.# # #.#
#.# ##.# # #.# #.#
##..# # #.#
#####.###.#.###### #.#
#.)...##.###...... #.#
#@.......)#.###### #.#
#[O#######..###### #.#
#..# ##.##...# #.#
#..# #)##.... #.###
#.)# #....... #...#
#..# #.###.#. ###.#
#####..########.# #.#.
#.# #.............#.#
#.#. #.#
#.##.#.#####..#.# #.#.


You could see an ogre.

Vanquished Creatures
  An iguana (D:3)
  An orc wizard (D:3)
  3 adders
  A worm (D:2)
  7 orcs
  10 ball pythons
  6 endoplasms
  2 giant cockroaches (D:2)
  7 goblins
  8 hobgoblins
  9 jackals
  2 quokkas
  3 bats
  5 frilled lizards
  8 kobolds
  4 rats
77 creatures vanquished.

Vanquished Creatures (collateral kills)
  An adder (D:2)
  An endoplasm (D:1)
  A hobgoblin (D:1)
  A frilled lizard (D:1)
  A kobold (D:2)
  A rat (D:2)
6 creatures vanquished.

Vanquished Creatures (others)
  An orc (D:3)
  2 plants (D:3)
3 creatures vanquished.

Grand Total: 86 creatures vanquished

Notes
Turn   | Place    | Note
-------+----------+-------------------------------------------
     0 | D:1      | cheesebisquit the Ghoul Necromancer began the quest for the
                  | Orb.
     0 | D:1      | Reached XP level 1. HP: 14/14 MP: 2/2
   308 | D:1      | Reached XP level 2. HP: 22/22 MP: 0/3
   473 | D:1      | Reached skill level 1 in Fighting
   473 | D:1      | Reached skill level 1 in Unarmed Combat
   664 | D:1      | Found Kautoss's General Store.
   682 | D:1      | Reached XP level 3. HP: 28/28 MP: 0/5
   927 | D:1      | Found a faded altar of an unknown god.
  1103 | D:2      | Identified the +0 leather armour of Pragmatism {rN+ Regen+
                  | Dex-2}
  1359 | D:2      | Found an opulent altar of Gozag.
  1500 | D:2      | Reached XP level 4. HP: 36/36 MP: 0/6
  2080 | D:3      | Found Tiucur's Jewellery Boutique.
  2261 | D:3      | Found Qicliac's Distillery.
  2271 | D:3      | Bought a potion of cancellation for 80 gold pieces
  2271 | D:3      | Bought a potion of might for 40 gold pieces
  2271 | D:3      | Bought a potion of curing for 30 gold pieces
  2281 | D:3      | Found a shimmering blue altar of Sif Muna.
  2324 | D:3      | Learned a level 3 spell: Vampiric Draining
  2348 | D:3      | Found Quycrenn's Assorted Antiques.
  2352 | D:3      | Found a broken altar of Ashenzari.
  2461 | D:3      | Found Lejyekhi's Antique Armour Emporium.
  2514 | D:3      | Found a hide-covered altar of Uskayaw.
  2599 | D:3      | Found an opulent altar of Gozag.
  2802 | D:3      | Found Liti's Antique Armour Emporium.
  2825 | D:3      | Reached XP level 5. HP: 12/41 MP: 3/7
  3316 | D:4      | Noticed an ogre
  3666 | D:4      | Noticed an ogre
  3816 | D:4      | Noticed an ogre
  4022 | D:4      | Found the +6 shillelagh "Devastator" {shatter}
  4153 | D:3      | Slain by an ogre

Illustrated notes

Levels and vault maps discovered:
D:1:      dpeg_arrival_three_smaller_balls, layout_basic,
          basic_ecumenical_altar, serial_shops, nicolae_square_shop,
          nicolae_figureground_pulse
D:2:      minmay_chambers_of_twos, layout_rooms, basic_altar
D:3:      layout_loops_ring, mainiacjoe_overflow_tiny_flanked,
          grunt_gozag_breadcrumbs, nicolae_ashenzari_skybound,
          nicolae_overflow_crystal_walls, serial_shops, nicolae_shop_stone,
          nicolae_shop_crystal, nicolae_shop_overgrown_old_shop,
          nicolae_shop_statue_plus, nicolae_shop_hallway_plus,
          serial_park_tiny_pond
D:4:      cheibrodos_pilgrimage, layout_cave_pools,
          mainiacjoe_overflow_chevrons, dilly_guarded_unrand_devastator,
          uniq_crazy_yiuf_cottage

Skill      XL: |  1  2  3  4 |
---------------+-------------+-----
Spellcasting   | 2 |  2.8
Fighting       | 1 2 |  2.5
Unarmed Combat | 1 2 |  2.6
Dodging        | |  1.7
Stealth        | |  2.1
Necromancy     | |  4.7

Action                     |  1- 3 |  4- 6 || total
---------------------------+-------+-------++-------
  Melee: Unarmed           |     5 |       ||     5
         Dagger            |    22 |    15 ||    37
         Mace              |     6 |    22 ||    28
         Punch             |       |     1 ||     1
   Cast: Necrotise         |    66 |   111 ||   177
    Use: Potion            |       |     3 ||     3
         Scroll            |       |     4 ||     4
 Armour: Robe              |    12 |    33 ||    45
  Dodge: Dodged            |    47 |   103 ||   150

Table legend: (Time is in decaauts)
 A = Elapsed time spent in this place.
 B = Non-inter-level travel time spent in this place.
 C = Inter-level travel time spent in this place.
 D = Time resting spent in this place.
 E = Time spent auto-exploring this place.
 F = Levels seen in this place.
 G = Mean time per level.
                   A        B        C        D        E       F      G
               +--------+--------+--------+--------+--------+-----+--------+
         Total |   4168 |   3586 |    582 |    151 |   2708 |   4 | 1042.0 |
       Dungeon |   4168 |   3586 |    582 |    151 |   2708 |   4 | 1042.0 |
               +--------+--------+--------+--------+--------+-----+--------+

Top non-repeatable levels by time:
     D:3: 1802 daAuts
     D:1: 1089 daAuts
     D:2: 1058 daAuts
     D:4: 218 daAuts
